 Dungeon Crawl Stone Soup version 0.31-a0-986-g5e6e4ef867 (webtiles) character file.

Game seed: 1507780610143787309

144 croobank the Vexing (level 5, 0/21 HPs)
             Began as a Felid Enchanter on Nov 16, 2023.
             Succumbed to a scorpion's poison
             ... on level 4 of the Dungeon.
             The game lasted 00:13:26 (3092 turns).

croobank the Vexing (Felid Enchanter)               Turns: 3092, Time: 00:13:27

Health: 0/21       AC:  1    Str:  4    XL:     5   Next: 5%
Magic:  2/10       EV: 18    Int: 19    God:
Gold:   170        SH:  0    Dex: 16    Spells: 1/9 levels left
                                        Lives:  0   Deaths: 2

rFire   . .          .
                       - Unarmed
rCold   . . .        (shield unavailable)
rNeg    . . .        (body armour unavailable)
rPois   .            (helmet unavailable)
rElec   .            (cloak unavailable)
rCorr   .            (gloves unavailable)
SInv    +            (boots unavailable)
Will    .....        c - amulet of the acrobat
Stlth   +++          (no ring)
HPRegen 0.23/turn    (no ring)
MPRegen 0.12/turn

%: acrobat
@: lethally poisoned (0 -> -2), invisible, quick
A: very small, claws 1, fangs 3, see invisible, speed 1, shaggy fur 1, stealthy
paws, no weapons or thrown items, no armour, multi-lived
a: no special abilities


You were on level 4 of the Dungeon.
You visited 1 branch of the dungeon, and saw 4 of its levels.

You collected 170 gold pieces.

Inventory:

Jewellery
 c - an amulet of the acrobat (around neck)
Scrolls
 b - 4 scrolls of identify
 d - a scroll of poison


   Skills:
 + Level 0.8 Fighting
 + Level 3.9 Dodging
 + Level 5.0 Stealth
 + Level 2.1 Unarmed Combat
 + Level 2.7 Spellcasting
 + Level 5.3 Hexes


You had one spell level left.
You knew the following spells:

 Your Spells              Type           Power      Damage    Failure   Level
a - Ensorcelled Hibernat  Hex/Ice        24%        N/A       8%          2
b - Confusing Touch       Hex            22%        N/A       5%          3
c - Tukima's Dance        Hex            22%        N/A       5%          3

Your spell library contained the following spells:

 Spells                   Type           Power      Damage    Failure   Level
 Dazzling Flash           Conj/Hex       24%        N/A       16%         3
 Lesser Beckoning         Tloc           4%         N/A       24%         2
 Gell's Gravitas          Tloc           2%         N/A       43%         3
 Teleport Other           Tloc           2%         N/A       43%         3
 Plasma Beam              Fire/Air       1%         2x1d11    100%        6
 Starburst                Conj/Fire      1%         6d3       100%        6
 Ignition                 Fire           1%         3d3       100%        8


Dungeon Overview and Level Annotations

Branches:
Dungeon (4/15)
 Temple: D:4-7

Altars:
Wu Jian

Shops:
D:2 :   D:3 (


Innate Abilities, Weirdness & Mutations

You have sharp claws.
You have razor-sharp teeth.
You have supernaturally acute eyesight. (SInv)
You cover ground quickly. (Speed+)
You are covered in fur. (AC +1)
Your paws help you pounce on unaware monsters.
You are incapable of wielding weapons or throwing items.
You cannot wear armour.
You gain extra lives every three experience levels.


Message History

It was a scroll of poison.
* * * LOW HITPOINT WARNING * * *
You feel sick. The scorpion completely misses you.
You fade into invisibility!
* * * LOW HITPOINT WARNING * * *
You feel sick. The scorpion barely misses you. x2
Okay, then.
You aren't carrying any potions.
Blink to where?
Press: ? - help, Dir - move target, f/p - scorpion
Aim: a scorpion (severely wounded, unable to see you, chance to confuse on hit: 54%)
Okay, then.
As you read the scroll labelled ZAPSORANKO, it crumbles to dust.
It was a scroll of blinking.
* * * LOW HITPOINT WARNING * * *
You feel sick. The scorpion closely misses you.
As you read the scroll labelled MEIXTO KUVIETS, it crumbles to dust.
It is a scroll of enchant armour.
You aren't carrying any armour which can be enchanted further.
* * * LOW HITPOINT WARNING * * *
You feel sick. The scorpion closely misses you.
You catch the helpless scorpion completely off-guard!
You scratch the scorpion but do no damage.
The scorpion appears confused.
Your bite misses the scorpion.
The scorpion is severely wounded.
* * * LOW HITPOINT WARNING * * *
You feel sick. The scorpion barely misses you.
You scratch the scorpion.
You bite the scorpion, but do no damage.
The scorpion is almost dead.
* * * LOW HITPOINT WARNING * * *
You feel sick.
You aren't carrying any items that you can evoke.
Casting: Confusing Touch (quite dangerous; 5% risk of failure)
Confirm with . or Enter, or press ? or * to list all spells.
Aiming: Ensorcelled Hibernation (safe; 8% risk of failure)
Press: ? - help, Shift-Dir - straight line, f/p - scorpion
Aim: a scorpion (poison gas, almost dead, wandering, confused, unable to see you, hasn't noticed you, chance to affect: 46%)
The scorpion resists with some effort.
You die...

§P§ P§§ P§P§ P§§§§ #§§☼###
#b§§##.##### ##### ..
####§s###......## ....# #.
#§☼@.##.........#### .....
#. ##§####.............#
##.## #.
#§##...............[.
...####
#.##...................#
<..[...
#.....##..#.........##).
.......
#....###..#.....###.#...
....... #..†#....###....#
######
..........††.#...........#
..................#........


You could see a scorpion (wandering, confused, unable to see you) and a bat.

Vanquished Creatures
  A hound (D:4)
  2 adders (D:2)
  3 gnolls (D:3)
  2 worms
  A dart slug (D:1)
  An orc (D:4)
  8 ball pythons
  2 bats
  5 endoplasms
  A giant cockroach (D:3)
  7 goblins
  3 hobgoblins
  2 jackals (D:1)
  A quokka (D:4)
  2 frilled lizards
  5 kobolds
  4 rats
50 creatures vanquished.

Vanquished Creatures (collateral kills)
  A gnoll (D:3)
1 creature vanquished.

Vanquished Creatures (others)
  2 dancing weapons (D:3)
2 creatures vanquished.

Grand Total: 53 creatures vanquished

Notes
Turn   | Place    | Note
-------+----------+-------------------------------------------
     0 | D:1      | croobank the Felid Enchanter began the quest for the Orb.
     0 | D:1      | Reached XP level 1. HP: 7/7 MP: 4/4
   124 | D:1      | Reached XP level 2. HP: 8/11 MP: 6/6
   139 | D:1      | Learned a level 2 spell: Ensorcelled Hibernation
   595 | D:1      | You fall into a shaft and drop 1 floor!
   661 | D:2      | Slain by a worm
   691 | D:1      | Got the Atlas of Arson
  1141 | D:2      | Reached XP level 3. HP: 14/14 MP: 7/7
  1191 | D:2      | Learned a level 3 spell: Confusing Touch
  1353 | D:2      | Reached skill level 5 in Hexes
  1469 | D:2      | Found Micih's Vocational Training.
  2069 | D:3      | Found Neen Reo's Antique Weapon Shoppe.
  2113 | D:3      | Found an ornate altar of the Wu Jian Council.
  2398 | D:3      | Reached XP level 4. HP: 18/18 MP: 6/8
  2529 | D:3      | Learned a level 3 spell: Tukima's Dance
  2882 | D:4      | Slain by a hound
  2936 | D:4      | Noticed a scorpion
  2956 | D:4      | Reached skill level 5 in Stealth
  2956 | D:4      | Reached XP level 5. HP: 21/21 MP: 4/10
  3090 | D:4      | HP: 1/21 [poisoned by a scorpion]
  3092 | D:4      | Succumbed to a scorpion's poison

Illustrated notes

Levels and vault maps discovered:
D:1:      onia_arrival_mini_spirals, layout_loops_cross, hex_medium,
          minmay_crystal_room
D:2:      layout_rooms, nicolae_concentric_dashed_squares_mild, nrook_campfire,
          nicolae_shop_vocational
D:3:      layout_basic, lemuel_crystal_altar, serial_shops, nicolae_shop_trees
D:4:      old_forge, layout_cave_pools, serial_shops, nicolae_lakefront_shop,
          nicolae_underground_beach

Skill      XL: |  1  2  3  4 |
---------------+-------------+-----
Dodging        | 3 |  3.9
Hexes          | 5 |  5.3
Unarmed Combat | 2 |  2.1
Stealth        | 5 |  5.0
Fighting       | |  0.8
Spellcasting   | |  2.7

Action                     |  1- 3 |  4- 6 || total
---------------------------+-------+-------++-------
  Melee: Unarmed           |    90 |    46 ||   136
         Bite              |     6 |     3 ||     9
         Punch             |       |     1 ||     1
   Cast: Ensorcelled Hiber |    31 |    11 ||    42
         Tukima's Dance    |       |     5 ||     5
         Confusing Touch   |       |     4 ||     4
    Use: Potion            |     1 |     3 ||     4
         Scroll            |     1 |     4 ||     5
   Stab: Sleeping          |    30 |     2 ||    32
         Invisible         |     1 |     1 ||     2
         Confused          |       |     2 ||     2
 Armour: Skin              |    18 |    13 ||    31
  Dodge: Dodged            |    58 |    49 ||   107

Table legend: (Time is in decaauts)
 A = Elapsed time spent in this place.
 B = Non-inter-level travel time spent in this place.
 C = Inter-level travel time spent in this place.
 D = Time resting spent in this place.
 E = Time spent auto-exploring this place.
 F = Levels seen in this place.
 G = Mean time per level.
                   A        B        C        D        E       F      G
               +--------+--------+--------+--------+--------+-----+--------+
         Total |   2683 |   2585 |     98 |    473 |   1529 |   4 |  670.8 |
       Dungeon |   2683 |   2585 |     98 |    473 |   1529 |   4 |  670.8 |
               +--------+--------+--------+--------+--------+-----+--------+

Top non-repeatable levels by time:
     D:1: 920 daAuts
     D:2: 781 daAuts
     D:3: 768 daAuts
     D:4: 212 daAuts
